 Dungeon Crawl Stone Soup version 0.23.2-30-g0e89c35649 (webtiles) character file.

Game seed: 11204562023674563461

806 Masnef the Conjurer (level 7, -2/36 HPs)
             Began as a Deep Elf Wizard on June 24, 2019.
             Killed from afar by an orc wizard (4 damage)
             ... with a puff of flame
             ... on level 6 of the Dungeon.
             The game lasted 00:14:55 (7138 turns).

Masnef the Conjurer (Deep Elf Wizard)               Turns: 7138, Time: 00:14:56

Health: -2/36      AC:  2    Str:  4    XL:     7   Next: 60%
Magic:  0/16       EV: 14    Int: 25    God:
Gold:   220        SH:  0    Dex: 13    Spells: 8/16 levels left

rFire    . . .     SeeInvis .   k - +2 short sword (venom)
rCold    + . .     Gourm    .   (no shield)
rNeg     . . .     Faith    .   a - +0 robe
rPois    .         Spirit   .   b - +0 hat
rElec    .         Reflect  .   (no cloak)
rCorr    .         Harm     .   (no gloves)
MR       +....                  (no boots)
Stlth    +++.......             (no amulet)
HPRegen  0.12/turn              m - ring of protection from cold
MPRegen  0.15/turn              y - ring of protection from magic

@: very slightly contaminated
A: no striking features
a: no special abilities


You were on level 6 of the Dungeon.
You were not hungry.

You visited 1 branch of the dungeon, and saw 6 of its levels.

You collected 297 gold pieces.
You spent 77 gold pieces at shops.

Inventory:

Hand Weapons
 e - a +0 dagger
 k - a +2 short sword of venom (weapon)
 o - a +0 short sword of draining
 t - a +2 dagger of protection
Missiles
 f - 93 arrows
Armour
 a - a +0 robe (worn)
 b - a +0 hat (worn)
Magical Staves
 g - an uncursed staff of cold
Jewellery
 m - a ring of protection from cold (left hand)
 y - a ring of protection from magic (right hand)
Wands
 w - a wand of clouds (8)
 B - a wand of iceblast (9)
 C - a wand of digging (2)
 D - a wand of acid (12)
Scrolls
 c - 2 scrolls of blinking
 q - 2 scrolls of fog {unknown}
 r - 3 scrolls of identify
 v - 3 scrolls of magic mapping
 x - a scroll of remove curse
Potions
 h - a potion of lignification {unknown}
 i - a potion of haste {unknown}
 j - a potion of agility {unknown}
 l - 2 potions of brilliance {unknown}
 n - a potion of mutation {unknown}
 p - 2 potions of heal wounds
 s - a potion of cancellation {unknown}
 u - a potion of flight {unknown}
 z - a potion of might {unknown}
 A - a potion of degeneration {unknown}
 F - a potion of curing {unknown}
Comestibles
 d - 2 rations


   Skills:
 - Level 4.0 Short Blades
 + Level 4.4 Dodging
 - Level 4.2 Stealth
 - Level 5.2 Spellcasting
 * Level 5.7 Conjurations
 - Level 1.1 Summonings
 - Level 1.1 Translocations
 - Level 1.2 Air Magic
 - Level 1.4 Poison Magic


You had 8 spell levels left.
You knew the following spells:

 Your Spells              Type           Power        Failure   Level  Hunger
a - Magic Dart            Conj           ####         1%          1    None
b - Blink                 Tloc           N/A          8%          2    None
c - Call Imp              Summ           ##......     8%          2    None
d - Mephitic Cloud        Conj/Pois/Air  ###.....     8%          3    #......

Your spell library contained the following spells:

 Spells                   Type           Power        Failure   Level  Hunger
 Conjure Flame            Conj/Fire      ###.....     8%          3    #......
 Slow                     Hex            #.......     12%         2    None


Dungeon Overview and Level Annotations

Branches:
Dungeon (6/15)
 Temple: D:4-7

Altars:
Nemelex Xobeh
Qazlal
Ru
Uskayaw
Wu Jian
Zin
The Shining One

Shops:
D:4 ?   D:5 *


Message History

The orc priest appears confused.
Casting: Magic Dart (safe; 1% risk of failure)
Confirm with . or Enter, or press ? or * to list all spells.
Aiming: Magic Dart (safe; 1% risk of failure)
Press: ? - help, Shift-Dir - straight line, f/p - orc priest
Aim: an orc priest, wielding a +0 club (noxious fumes, almost dead, confused)
The magic dart hits the orc priest!
You kill the orc priest!
Casting: Magic Dart (safe; 1% risk of failure)
Confirm with . or Enter, or press ? or * to list all spells.
Aiming: Mephitic Cloud (safe; 8% risk of failure)
Press: ? - help, Shift-Dir - straight line, f - orc wizard
Aim: an orc wizard, wielding a +0 dagger and wearing a +0 robe (heavily wounded)
The ball explodes into a vile cloud!
The stinking cloud engulfs the orc wizard but does no damage.
The orc wizard is heavily wounded.
The orc wizard is engulfed in noxious fumes.
The orc wizard casts a spell at you. The puff of flame hits you.
You die...

.................
###.##.#.#.#.##.#
...#.###)##.#.....##
.....))...o.............
####.####)#.............
#.#..........###
#.#.########## #.#.#
#.#@# ##+####...#
#......####.#
#...........##
#.............
###....<#.......
#.......#.......
#.......#.......
#.......#.......


You could see an orc wizard.

Vanquished Creatures
  An orc warrior (D:6)
  A phantom (D:4)
  A scorpion (D:6)
  A crimson imp (D:6)
  A quasit (D:5)
  3 hounds
  2 orc priests
  2 orc wizards
  An iguana (D:4)
  3 worker ants
  A hound skeleton (D:4)
  A howler monkey zombie (D:5)
  4 adders
  2 howler monkey skeletons
  A shadow imp (D:4)
  An ooze (D:3)
  2 worms
  4 dart slugs
  A leopard gecko (D:6)
  9 orcs
  5 giant cockroaches
  7 goblins
  4 hobgoblins
  5 jackals
  4 quokkas
  3 ball pythons
  6 bats
  5 frilled lizards
  9 kobolds
  A quokka skeleton (D:4)
  5 rats
96 creatures vanquished.

Vanquished Creatures (collateral kills)
  An iguana (D:4)
1 creature vanquished.

Grand Total: 97 creatures vanquished

Notes
Turn   | Place    | Note
-------+----------+-------------------------------------------
     0 | D:1      | Masnef the Deep Elf Wizard began the quest for the Orb.
     0 | D:1      | Reached XP level 1. HP: 10/10 MP: 7/7
   330 | D:1      | Reached XP level 2. HP: 14/15 MP: 3/9
   344 | D:1      | Learned a level 2 spell: Blink
   347 | D:1      | Learned a level 2 spell: Call Imp
   483 | D:1      | Reached skill level 1 in Short Blades
  1093 | D:2      | Found a hide-covered altar of Uskayaw.
  1093 | D:2      | Noticed a +0 dagger
  1093 | D:2      | Noticed a +0 hand axe
  1246 | D:2      | Reached XP level 3. HP: 19/19 MP: 10/10
  1314 | D:2      | Found a faded altar of an unknown god.
  1780 | D:1      | Learned a level 3 spell: Mephitic Cloud
  2338 | D:2      | Found a glowing golden altar of the Shining One.
  2784 | D:3      | Found a glowing silver altar of Zin.
  2787 | D:3      | Found a glowing golden altar of the Shining One.
  2790 | D:3      | Found an ornate altar of the Wu Jian Council.
  2928 | D:3      | Reached XP level 4. HP: 24/24 MP: 3/12
  3465 | D:4      | Found Oteroets's Magic Scroll Boutique.
  3470 | D:4      | Bought a scroll of magic mapping for 49 gold pieces
  3470 | D:4      | Bought a scroll of identify for 28 gold pieces
  3484 | D:4      | Found a stormy altar of Qazlal.
  3697 | D:4      | Found a sparkling altar of Nemelex Xobeh.
  3800 | D:4      | Reached skill level 1 in Poison Magic
  4172 | D:4      | Reached XP level 5. HP: 26/28 MP: 8/13
  4491 | D:4      | Reached skill level 1 in Air Magic
  5100 | D:4      | Reached skill level 5 in Spellcasting
  5100 | D:4      | Reached XP level 6. HP: 32/32 MP: 6/15
  5709 | D:5      | Entered Level 5 of the Dungeon
  5866 | D:5      | Found Utuol's Assorted Antiques.
  6245 | D:5      | Found a sacrificial altar of Ru.
  6268 | D:5      | Reached XP level 7. HP: 31/36 MP: 16/16
  6912 | D:4      | Reached skill level 5 in Conjurations
  7128 | D:6      | HP: 1/36 [orc priest/divine providence (13)]
  7138 | D:6      | Killed from afar by an orc wizard

Skill      XL: |  1  2  3  4  5  6  7 |
---------------+----------------------+-----
Short Blades   | 1 2 3 4 |  4.0
Conjurations   | 2 3 4 5 |  5.7
Dodging        | 3 4 |  4.4
Stealth        | 3 4 |  4.2
Poison Magic   | 1 |  1.4
Air Magic      | 1 |  1.2
Spellcasting   | 5 |  5.2
Summonings     | |  1.1
Translocations | |  1.1

Action                   |  1- 3 |  4- 6 |  7- 9 || total
-------------------------+-------+-------+-------++-------
Melee: Dagger            |    14 |       |       ||    14
       Unarmed           |     4 |       |       ||     4
       Short sword       |    80 |   100 |    59 ||   239
 Cast: Magic Dart        |    50 |    60 |     9 ||   119
       Blink             |     2 |     7 |     5 ||    14
       Mephitic Cloud    |     2 |    18 |     6 ||    26
       Call Imp          |     1 |     5 |     2 ||     8
  Use: Scroll            |     2 |     6 |       ||     8
 Stab: Sleeping          |     7 |     5 |       ||    12
       Confused          |       |     8 |     4 ||    12
  Eat: Chunk             |     3 |     7 |     1 ||    11
       Ration            |     1 |     1 |     1 ||     3
Armor: Robe              |    19 |    12 |    11 ||    42
Dodge: Dodged            |    77 |    64 |    50 ||   191
